Match 27296720
Unlisted

Match 27296720
End
Panzergrenadier Squad
250 Light Carrier
Panzergrenadier Squad
Construct Light Support Kompanie
Selects Italian Infantry
Selects Italian Infantry
Fire Support Elements
Selects Defensive Operations
Flakvierling Half-track
Panzerjäger Mechanized Group
Vehicle Survival Package
Flakvierling Half-track
2.5-tonne Medical Truck
Panzergrenadier Squad
Pak 38 Anti-tank Gun Team
Selects Guastatori Squad
Guastatori Squad
Selects Registered Artillery
Construct Panzerarmee Kommand
Armored Reserves
队友弱智英军轮椅
Maciej Wierczybonk
Eber
LuiSBa
0
0

Comments sign in to comment!

No comments posted yet!